 Dungeon Crawl Stone Soup version 0.26.1-11-gd32895ea62 (webtiles) character file.

Game seed: 14813079670850221728

25386 bnorton916 the Cruncher (level 12, -4/64 HPs)
             Began as a Deep Elf Conjurer on July 14, 2021.
             Was a Priest of Vehumet.
             Killed from afar by an electric eel (11 damage)
             ... with a bolt of electricity
             ... on level 11 of the Dungeon.
             The game lasted 00:50:45 (23349 turns).

bnorton916 the Cruncher (Deep Elf Conjurer)        Turns: 23349, Time: 00:50:46

Health: -4/64      AC:  7    Str:  5    XL:     12   Next: 89%
Magic:  27/27      EV: 19    Int: 28    God:    Vehumet [***...]
Gold:   695        SH:  5    Dex: 13    Spells: 3/29 levels left

rFire    . . .     SeeInvis .   N - staff of cold
rCold    + . .     Faith    .   (no shield)
rNeg     . . .     Spirit   .   o - +0 robe
rPois    +         Reflect  +   f - +1 hat {Will+}
rElec    .         Harm     .   u - +0 cloak
rCorr    .         Rampage  .   (no gloves)
Will     ++...                  d - +2 pair of boots
Stlth    ++........             A - amulet of reflection
HPRegen  0.20/turn              y - +4 ring of evasion
MPRegen  0.20/turn              O - ring of poison resistance

@: studying Staves
A: no striking features
a: Renounce Religion


You were on level 11 of the Dungeon.
You worshipped Vehumet.
Vehumet was most pleased with you.
You visited 3 branches of the dungeon, and saw 16 of its levels.
You also visited: Sewer.

You collected 1045 gold pieces.
You spent 350 gold pieces at shops.

Inventory:

Hand Weapons
 a - a +2 dagger of electrocution
 F - a +1 short sword of draining
Missiles
 s - 56 poisoned darts
Armour
 d - a +2 pair of boots (worn)
 e - a +0 troll leather armour {Purgy}
 f - a +1 hat of willpower (worn)
 o - a +0 robe (worn)
 u - a +0 cloak (worn)
 z - a +3 leather armour
Magical Staves
 N - an uncursed staff of cold (weapon)
Jewellery
 y - a +4 ring of evasion (left hand)
 A - an amulet of reflection (around neck)
 M - an uncursed amulet of the acrobat
 O - a ring of poison resistance (right hand)
 P - an uncursed ring of protection from fire
Wands
 m - a wand of polymorph (25)
 q - a wand of random effects (58)
 D - a wand of flame (36)
 K - a wand of digging (2)
 Q - a wand of iceblast (8)
 U - a wand of acid (6)
Scrolls
 c - 5 scrolls of remove curse
 g - a scroll of noise {unknown}
 k - 8 scrolls of teleportation
 l - 3 scrolls of fog
 r - 4 scrolls of amnesia
 w - 3 scrolls of immolation
 x - a scroll of magic mapping
 C - a scroll of blinking {unknown}
 E - a scroll of fear
 T - 5 scrolls of enchant armour
Potions
 b - 10 potions of curing
 h - 4 potions of haste
 i - a potion of lignification
 j - 3 potions of might
 n - 3 potions of heal wounds
 p - 2 potions of mutation
 t - a potion of magic
 v - 6 potions of brilliance
 B - 4 potions of attraction
 G - a potion of ambrosia
 H - a potion of flight
 I - a potion of invisibility
 J - 2 potions of resistance
Books
 L - a manual of Staves


   Skills:
 - Level 3.4 Fighting
 + Level 12.8 Staves
 - Level 6.0 Dodging
 - Level 2.4 Stealth
 - Level 9.1 Spellcasting
 - Level 11.1 Conjurations
 - Level 8.0 Hexes
 - Level 6.1 Translocations
 + Level 9.1 Ice Magic
 + Level 8.3 Air Magic
 - Level 5.0 Evocations


You had 3 spell levels left.
You knew the following spells:

 Your Spells              Type           Power        Failure   Level
a - Magic Dart            Conj           100%         1%          1
b - Searing Ray           Conj           100%         1%          2
c - Dazzling Flash        Conj/Hex       100%         1%          3
d - Fulminant Prism       Conj/Hex       30%          1%          4
e - Iskenderun's Mystic   Conj/Tloc      57%          1%          4
f - Freezing Cloud        Conj/Ice/Air   39%          4%          6
g - Frozen Ramparts       Ice            100%         1%          3
h - Tukima's Dance        Hex            55%          1%          3

Your spell library contained the following spells:

 Spells                   Type           Power        Failure   Level
 Static Discharge         Conj/Air       61%          1%          3
 Corona                   Hex            61%          1%          1
 Freeze                   Ice            100%         1%          1
 Ensorcelled Hibernation  Hex/Ice        100%         1%          2
 Confusing Touch          Hex            55%          1%          3
 Gell's Gravitas          Tloc           23%          1%          3
 Ozocubu's Armour         Ice            77%          1%          3
 Sting                    Tmut/Pois      48%          4%          1
 Passwall                 Tmut/Erth      10%          7%          2
 Hailstorm                Conj/Ice       81%          1%          4
 Metabolic Englaciation   Hex/Ice        37%          3%          5
 Summon Ice Beast         Ice/Summ       55%          7%          4
 Yara's Violent Unravell  Hex/Tmut       17%          7%          5
 Petrify                  Tmut/Erth      12%          41%         4
 Blade Hands              Tmut           6%           77%         5


Dungeon Overview and Level Annotations

Branches:
Dungeon (11/15)            Temple (1/1) D:6            Lair (4/6) D:10
  Snake (0/4) Lair:2          Orc (0/2) D:9           Sewer (visited)
  Swamp: Lair:2-4    Shoals: Lair:2-4

Altars:
Ashenzari
Cheibriados
Dithmenos
Elyvilon
Fedhas
Gozag
Hepliaklqana
Kikubaaqudgha
Makhleb
Nemelex Xobeh
Okawaru
Qazlal
Ru
Sif Muna
Trog
Uskayaw
Vehumet
Wu Jian
Xom
Yredelemnul
Zin
The Shining One

Shops:
D:7 !

Annotations:
D:8 1 transporter, Ekaitz's ghost, novice OpVM
D:9 3 runed translucent doors
Lair:4 Nessos


Message History

The bolt of electricity hits you!
The electric eel shoots out a bolt of lightning at you!
The bolt of electricity hits you!
* * * LOW HITPOINT WARNING * * *
Your fulminant prism explodes!
The blast of energy engulfs the electric eel!!
You kill the electric eel!
Vehumet accepts your kill.
You feel your power returning.
You hear a splash.
You start resting.
Magic restored.
You start resting.
An electric eel is nearby!
The electric eel shoots out a bolt of lightning at you!
The bolt of electricity hits you!
* * * LOW HITPOINT WARNING * * *
The electric eel shoots out a bolt of lightning at you!
The bolt of electricity hits you!
You die...

###############
#.............# ###
#.###########.# ...
#.##..... #.###.#####
##....### #.#........
#.....).# #.#@## #
#.......# #.#..#.#
#.......#.####))....#
))..........)...).)>#
#.............###.....#
#...............#.......
#≈≈≈≈≈≈<≈≈≈≈÷≈≈≈≈≈##.#.#
#≈≈≈≈≈≈≈≈≈;≈≈≈≈≈≈≈≈≈....
##≈≈≈≈≈≈≈≈≈≈≈≈≈≈≈≈≈≈####


You could see an electric eel.

Vanquished Creatures
  Gastronok (D:10)
  Josephine (D:11)
  A centaur warrior (D:9)
  3 hydras
  3 death yaks
  A two-headed ogre (D:10)
  An unseen horror (D:10)
  A deep elf mage (D:9)
  2 ugly things
  Joseph (D:10)
  A black mamba (Lair:2)
  An elephant (Lair:3)
  5 cane toads
  A tengu conjurer (D:9)
  2 trolls (D:9)
  Prince Ribbit (D:7)
  5 blink frogs (Lair:1)
  13 yaks
  6 wraiths
  A wyvern (D:8)
  Edmund (D:6)
  3 nagas (Lair:2)
  A water moccasin (shapeshifter) (D:9)
  9 water moccasins
  Duvessa (D:6)
  2 sky beasts
  Purgy (Sewer)
  4 ice beasts
  2 orc warriors
  An eye of draining (D:9)
  3 phantoms
  3 centaurs
  6 ogres
  4 wolves (Lair:2)
  A necrophage (D:11)
  2 big kobolds
  19 bullfrogs
  5 gnoll sergeants
  8 scorpions
  Dowan (D:6)
  4 killer bees (D:10)
  11 wights
  7 electric eels (D:11)
  4 howler monkeys
  4 bullfrog zombies
  A quasit (D:10)
  8 jellies
  2 centaur skeletons
  6 orc priests
  Crazy Yiuf (D:7)
  A gnoll shaman (D:8)
  5 hounds
  3 iguanas
  5 orc wizards
  9 worker ants
  A killer bee zombie (D:7)
  A hound zombie (D:6)
  17 gnolls
  6 adders
  2 shadow imps (D:8)
  4 white imps
  2 ufetubi
  An ooze (D:4)
  2 adder skeletons (D:7)
  An adder zombie (D:8)
  2 worms
  2 dart slugs
  6 leopard geckos
  17 orcs
  6 giant cockroaches
  6 hobgoblins
  2 jackals (D:7)
  4 quokkas
  3 ball pythons
  9 bats
  4 frilled lizards
  5 goblins
  2 jackal skeletons
  22 kobolds
  6 rats
332 creatures vanquished.

Vanquished Creatures (collateral kills)
  A two-headed ogre (D:11)
1 creature vanquished.

Vanquished Creatures (others)
  A wight (D:11)
  106 fulminant prisms
  20 fungi
  36 plants
163 creatures vanquished.

Grand Total: 496 creatures vanquished

Notes
Turn   | Place    | Note
-------+----------+-------------------------------------------
     0 | D:1      | bnorton916 the Deep Elf Conjurer began the quest for the
                  | Orb.
     0 | D:1      | Reached XP level 1. HP: 10/10 MP: 6/6
   504 | D:1      | Reached XP level 2. HP: 15/15 MP: 5/8
   855 | D:1      | Reached skill level 5 in Conjurations
  1738 | D:2      | Reached XP level 3. HP: 19/19 MP: 2/10
  1805 | D:2      | Learned a level 2 spell: Searing Ray
  1809 | D:2      | Learned a level 3 spell: Dazzling Flash
  2885 | D:2      | Found an ornate altar of the Wu Jian Council.
  3074 | D:3      | Reached XP level 4. HP: 24/24 MP: 7/12
  3359 | D:4      | Learned a level 4 spell: Fulminant Prism
  3361 | D:4      | Found a glowing drain.
  3568 | Sewer    | Entered a sewer
  3640 | Sewer    | Noticed Purgy
  3669 | Sewer    | Killed Purgy
  3670 | Sewer    | Reached XP level 5. HP: 28/28 MP: 5/14
  3795 | D:4      | Reached skill level 5 in Spellcasting
  4309 | D:4      | Reached XP level 6. HP: 27/32 MP: 6/15
  4411 | D:4      | Learned a level 4 spell: Iskenderun's Mystic Blast
  4806 | D:5      | Entered Level 5 of the Dungeon
  5046 | D:5      | Reached skill level 1 in Translocations
  5239 | D:5      | Reached XP level 7. HP: 36/36 MP: 11/17
  6851 | D:6      | Noticed Duvessa
  6853 | D:6      | Reached XP level 8. HP: 41/41 MP: 8/19
  6856 | D:6      | Noticed Dowan
  7058 | D:6      | Noticed Edmund
  7068 | D:6      | Killed Edmund
  7069 | D:6      | Reached skill level 5 in Hexes
  7287 | D:6      | Found a staircase to the Ecumenical Temple.
  7302 | Temple   | Entered the Ecumenical Temple
  7471 | D:6      | Killed Dowan
  7471 | D:6      | Killed Duvessa
  8677 | D:7      | Reached XP level 9. HP: 45/45 MP: 17/22
  8775 | D:6      | Reached skill level 10 in Conjurations
  9222 | D:7      | Reached skill level 5 in Translocations
  9675 | D:7      | Noticed Prince Ribbit
  9679 | D:7      | Killed Prince Ribbit
 10165 | D:7      | Found Pestruonn's Distillery.
 10171 | D:7      | Bought a potion of brilliance for 40 gold pieces
 10171 | D:7      | Bought a potion of flight for 30 gold pieces
 10171 | D:7      | Bought a potion of heal wounds for 50 gold pieces
 10171 | D:7      | Bought a potion of heal wounds for 50 gold pieces
 10171 | D:7      | Bought a potion of haste for 100 gold pieces
 10171 | D:7      | Bought a potion of invisibility for 80 gold pieces
 10265 | D:7      | Found a runed translucent door.
 10266 | D:7      | Noticed Crazy Yiuf
 10272 | D:7      | Killed Crazy Yiuf
 10832 | D:8      | Found a transporter.
 11456 | D:8      | Identified the +2 buckler of Insecurity {rF- MP+9 Str+3
                  | Dex+3}
 11467 | D:8      | Found a transporter.
 11481 | D:8      | Noticed Ekaitz's ghost (novice OpVM)
 11484 | D:8      | Identified the ring "Ibyretzi" {Will+ SInv}
 11516 | D:8      | Reached XP level 10. HP: 46/51 MP: 10/25
 11524 | D:8      | Reached skill level 1 in Evocations
 11732 | D:8      | Identified the Collected Works on Mutagenic Cold
 11799 | D:9      | Found a broken altar of Ashenzari.
 11799 | D:9      | Found a sparkling altar of Nemelex Xobeh.
 11799 | D:9      | Found a shimmering blue altar of Sif Muna.
 11800 | D:9      | Found a radiant altar of Vehumet.
 11808 | D:9      | Became a worshipper of Vehumet
 11821 | D:9      | Reached skill level 1 in Fighting
 11870 | D:9      | Reached skill level 1 in Staves
 12105 | D:9      | Reached skill level 2 in Staves
 12317 | D:9      | Noticed a cyan ugly thing
 12606 | D:9      | Killed a cyan ugly thing
 12607 | D:9      | Reached skill level 3 in Staves
 12739 | D:9      | Found a staircase to the Orcish Mines.
 12766 | D:9      | Noticed a deep elf mage
 12770 | D:9      | Killed a deep elf mage
 12771 | D:9      | Reached skill level 4 in Staves
 12771 | D:9      | Reached skill level 5 in Dodging
 13262 | D:9      | Noticed a centaur warrior
 13273 | D:9      | Killed a centaur warrior
 13274 | D:9      | Reached skill level 5 in Staves
 13649 | D:9      | Learned a level 6 spell: Freezing Cloud
 13682 | D:9      | Learned a level 3 spell: Frozen Ramparts
 13758 | D:9      | Found an opulent altar of Gozag.
 13761 | D:9      | Found a runed translucent door.
 13763 | D:9      | Noticed a two-headed ogre
 13763 | D:9      | Found a runed translucent door.
 13765 | D:9      | Found a runed translucent door.
 14100 | D:10     | Entered Level 10 of the Dungeon
 14152 | D:10     | Reached skill level 6 in Staves
 14152 | D:10     | Reached * piety under Vehumet
 14152 | D:10     | Offered knowledge of Foxfire by Vehumet.
 14261 | D:10     | Reached skill level 1 in Ice Magic
 14271 | D:10     | Reached skill level 1 in Air Magic
 14271 | D:10     | Reached XP level 11. HP: 47/60 MP: 10/26
 14616 | D:10     | Reached skill level 5 in Evocations
 14629 | D:10     | Noticed a two-headed ogre
 14656 | D:10     | Killed a two-headed ogre
 14878 | D:10     | Reached skill level 7 in Staves
 14932 | D:10     | Found a staircase to the Lair.
 15133 | D:10     | Noticed Gastronok
 15332 | D:10     | Killed an unseen horror
 15477 | D:10     | Offered knowledge of Sandblast by Vehumet.
 15660 | D:10     | Killed Gastronok
 15661 | D:10     | Reached skill level 8 in Staves
 15887 | D:10     | Reached ** piety under Vehumet
 15943 | D:11     | Noticed Josephine
 15958 | D:10     | Reached skill level 5 in Ice Magic
 15994 | D:10     | Noticed Joseph
 16333 | D:10     | HP: 3/60 [Joseph/sling bullet (1)]
 16337 | D:10     | Killed Joseph
 16338 | D:10     | Reached skill level 9 in Staves
 16594 | Lair:1   | Entered Level 1 of the Lair of Beasts
 16717 | Lair:1   | Got a crude mace
 17182 | Lair:1   | Reached skill level 5 in Air Magic
 18023 | Lair:2   | Reached skill level 10 in Staves
 18080 | Lair:2   | Noticed a six-headed hydra
 18093 | Lair:2   | Killed a six-headed hydra
 18094 | Lair:2   | Reached XP level 12. HP: 64/64 MP: 11/27
 19355 | Lair:2   | Found a staircase to the Snake Pit.
 19584 | Lair:2   | Reached skill level 11 in Staves
 20374 | Lair:2   | Identified the +8 mace of Wamnel {vorpal, +Fly rC+} (You
                  | found it on level 1 of the Lair of Beasts)
 20481 | Lair:3   | Noticed a four-headed hydra
 20493 | Lair:3   | Killed a four-headed hydra
 21011 | Lair:4   | Noticed a death yak
 21012 | Lair:4   | Noticed a death yak
 21013 | Lair:4   | Noticed a death yak
 21020 | Lair:4   | Killed a death yak
 21031 | Lair:3   | Killed a death yak
 21832 | Lair:2   | Killed a death yak
 21833 | Lair:2   | Reached skill level 12 in Staves
 21955 | Lair:4   | Noticed a boulder beetle
 21959 | Lair:4   | Noticed Nessos
 22056 | Lair:4   | Noticed a catoblepas
 22170 | D:11     | Noticed a six-headed hydra
 22274 | D:11     | Killed Josephine
 22463 | D:11     | Offered knowledge of Static Discharge by Vehumet.
 22515 | D:11     | Noticed a two-headed ogre
 22540 | D:11     | Learned a level 3 spell: Tukima's Dance
 22556 | D:11     | Killed a two-headed ogre
 22701 | D:11     | Reached *** piety under Vehumet
 22826 | D:11     | Killed a six-headed hydra
 23349 | D:11     | Killed from afar by an electric eel

Illustrated notes

Levels and vault maps discovered:
D:1:      shiori_shiawase, layout_basic
D:2:      layout_basic, nicolae_overflow_hidden_temple,
          nicolae_underground_beach
D:3:      layout_rooms
D:4:      layout_basic, portal_sewer_entry_a
D:5:      layout_loops_cross
D:6:      layout_basic, minmay_temple_entry_trees, hangedman_decor_lopped,
          uniq_edmund, uniq_duvessa
D:7:      layout_loops_ring, serial_shops, nicolae_shop_stone,
          minmay_misc_feat_tiny, uniq_prince_ribbit1, uniq_crazy_yiuf_cottage
D:8:      layout_cave_pools, gammafunk_ghost_gnarly_gnolls
D:9:      minmay_the_grid_triangle_9x9_recursive_2_mashed
          [minmay_the_grid_triangle_9x9_prize_top_heavy,
          minmay_the_grid_triangle_9x9_corruption,
          minmay_the_grid_triangle_9x9_fully_insulated_deathbox,
          minmay_the_grid_triangle_9x9_flanged_cone], layout_rooms,
          chequers_temple_overflow_statue_of_worship, grunt_gozag_statues,
          orc_0_dummy
D:10:     layout_loops_ring, lair_entry_dummy, serial_glass, glass_columns_a,
          glass_columns_b, minmay_misc_feat_enclosed, uniq_joseph,
          uniq_gastronok
D:11:     minmay_goldmine, layout_basic, uniq_josephine
Temple:   nicolae_temple_x_marks_the_god
Lair:1:   layout_long_grid
Lair:2:   layout_cellular_growth, guppyfry_snake_entry_garden,
          serial_bayou_pond_c
Lair:3:   layout_concentric_octagons
Lair:4:   layout_misc_corridors, minmay_shoals_entry_beasts,
          ebering_ghost_inner_flame, uniq_snorg, uniq_nessos

Skill      XL: |  1  2  3  4  5  6  7  8  9 10 11 12 |
---------------+-------------------------------------+-----
Conjurations   | 5 6 7 8 9 11 | 11.1
Spellcasting   | 4 5 6 7 9 |  9.1
Hexes          | 2 3 4 6 8 |  8.0
Translocations | 1 3 4 6 |  6.1
Evocations     | 4 5 |  5.0
Dodging        | 6 |  6.0
Fighting       | 3 |  3.4
Staves         | 6 10 12 | 12.8
Ice Magic      | 1 6 9 |  9.1
Air Magic      | 1 5 8 |  8.3
Stealth        | |  2.4

Action                   |  1- 3 |  4- 6 |  7- 9 | 10-12 || total
-------------------------+-------+-------+-------+-------++-------
Melee: Unarmed           |     1 |       |       |       ||     1
       Dagger            |       |       |       |    11 ||    11
       Staff             |       |       |       |    38 ||    38
 Cast: Magic Dart        |    99 |    73 |   171 |   142 ||   485
       Searing Ray       |     1 |     8 |    40 |    56 ||   105
       Fulminant Prism   |       |     1 |    21 |    84 ||   106
       Iskenderun's Myst |       |       |       |    49 ||    49
       Frozen Ramparts   |       |       |       |    15 ||    15
       Tukima's Dance    |       |       |       |     3 ||     3
Evoke: Wand              |       |       |       |     5 ||     5
  Use: Scroll            |       |     4 |     9 |    10 ||    23
       Potion            |       |       |       |     2 ||     2
 Stab: Sleeping          |       |       |       |     1 ||     1
Armor: Robe              |     3 |     7 |    21 |    20 ||    51
Dodge: Dodged            |    16 |    12 |    82 |   188 ||   298
Block: Other             |       |       |    16 |    48 ||    64
       Reflection        |       |       |     3 |     3 ||     6
